 Dungeon Crawl Stone Soup version 0.21-a0-401-g0b6bec4 (webtiles) character file.

679 Moloch the Conjurer (level 7, -4/46 HPs)
             Began as a Demonspawn Wizard on Oct 22, 2017.
             Was a Follower of Vehumet.
             Slain by an ice beast (12 damage)
             ... on level 5 of the Dungeon.
             The game lasted 00:10:47 (3841 turns).

Moloch the Conjurer (Demonspawn Wizard)             Turns: 3841, Time: 00:10:48

Health: -4/46      AC:  6    Str:  7    XL:     7   Next: 34%
Magic:  2/14       EV: 14    Int: 22    God:    Vehumet [*.....]
Gold:   146        SH:  0    Dex: 11    Spells: 6/15 levels left

rFire    + . .     SeeInvis .   s - +2 spear (flame)
rCold    . . .     Gourm    .   (no shield)
rNeg     . . .     Faith    .   k - +2 robe {rF+}
rPois    .         Spirit   .   b - +1 hat
rElec    .         Reflect  .   (no cloak)
rCorr    .         Harm     .   v - +0 pair of gloves
MR       .....                  (no boots)
Stlth    ++........             a - amulet of regeneration
HPRegen  0.55/turn              (no ring)
MPRegen  0.14/turn              (no ring)

@: very slightly contaminated
A: horns 2, repulsion field 1
a: Renounce Religion


You were on level 5 of the Dungeon.
You worshipped Vehumet.
Vehumet was aware of your devotion.
You were hungry.

You visited 1 branch of the dungeon, and saw 5 of its levels.

You collected 146 gold pieces.

Inventory:

Hand Weapons
 s - a +2 spear of flaming (weapon)
Armour
 b - a +1 hat (worn)
 k - a +2 robe of fire resistance (worn)
 v - a +0 pair of gloves (worn)
Jewellery
 a - an amulet of regeneration (around neck)
 p - an uncursed ring of teleportation
Wands
 l - a wand of disintegration (0/24)
Scrolls
 i - 2 scrolls of enchant armour
 j - 2 scrolls of magic mapping
 m - 2 scrolls of identify
 n - a scroll of recharging {unknown}
 o - a scroll of blinking {unknown}
 r - 2 scrolls of teleportation
Potions
 e - a potion of haste {unknown}
 f - a potion of flight
 g - a potion of invisibility {unknown}
 h - a potion of agility
Books
 c - a book of Minor Magic

   Spells                             Type                      Level
   a - Magic Dart                     Conjuration                  1
   b - Blink                          Translocation                2
   c - Call Imp                       Summoning                    2
   d - Slow                           Hexes                        2
   e - Conjure Flame                  Conjuration/Fire             3
   f - Mephitic Cloud                 Conjuration/Poison/Air       3
 u - a book of Air

   Spells                             Type                      Level
   a - Shock                          Conjuration/Air              1
   b - Swiftness                      Charms/Air                   2
   c - Static Discharge               Conjuration/Air              3
   d - Airstrike                      Air                          4
   e - Lightning Bolt                 Conjuration/Air              5
Comestibles
 d - 3 bread rations
 q - 3 meat rations
 t - a chunk of flesh


   Skills:
 - Level 1.7 Dodging
 - Level 1.7 Stealth
 + Level 4.9 Spellcasting
 + Level 5.9 Conjurations
 - Level 1.0 Summonings
 - Level 0.8 Translocations
 * Level 2.7 Ice Magic


You had 6 spell levels left.
You knew the following spells:

 Your Spells              Type           Power        Failure   Level  Hunger
a - Magic Dart            Conj           ####         1%          1    None
b - Blink                 Tloc           N/A          11%         2    None
c - Call Imp              Summ           #.......     11%         2    None
d - Mephitic Cloud        Conj/Pois/Air  ##......     14%         3    ##.....
e - Freeze                Ice            ###.         3%          1    None


Dungeon Overview and Level Annotations

Branches:
Dungeon (5/15)             Temple (0/1) D:4

Altars:
Ashenzari
Elyvilon
Fedhas
Vehumet
Yredelemnul


Innate Abilities, Weirdness & Mutations

You have a pair of horns on your head.
You are surrounded by a mild repulsion field. (EV +2)


Message History

Your crimson imp blinks!
Your crimson imp barely misses the ice beast.
There is a stone staircase leading up here.
You completely miss the ice beast. Your headbutt misses the ice beast.
The ice beast is severely wounded.
The ice beast hits you. The ice beast freezes you!
* * * LOW HITPOINT WARNING * * *
Your crimson imp hits the ice beast but does no damage.
Unknown command.
You hit the ice beast but do no damage.
The ice beast is severely wounded.
Your crimson imp closely misses the ice beast.
The ice beast barely misses you.
Your crimson imp hits the ice beast. x2
Okay, then.
You barely miss the ice beast. Your headbutt misses the ice beast.
The ice beast is almost dead.
The ice beast hits you.
* * * LOW HITPOINT WARNING * * *
The ice beast freezes you!
You die...

......?........
..............#
..............#
.............#
#...........#
#..........#
#........>###.
#...<5........
#...5Y@......#
#........5......#
...#...........##
.?...............
####.............
#.....≈...#...
#........[....
#.##..........


You could see an ice beast and 3 friendly crimson imps.

Vanquished Creatures
  Sigmund (D:4)
  A sky beast (D:4)
  A scorpion (D:4)
  A hound (D:3)
  An orc wizard (D:4)
  2 orc priests (D:4)
  Jessica (D:3)
  A worker ant (D:3)
  3 gnolls
  7 adders
  2 oozes
  4 dart slugs
  3 leopard geckos
  5 orcs
  A ball python (D:2)
  4 giant cockroaches
  7 goblins
  6 hobgoblins
  2 jackals (D:1)
  8 bats
  7 frilled lizards
  8 kobolds
  6 rats
82 creatures vanquished.

Vanquished Creatures (collateral kills)
  A centaur skeleton (D:4)
1 creature vanquished.

Grand Total: 83 creatures vanquished

Notes
Turn   | Place    | Note
-------+----------+-------------------------------------------
     0 | D:1      | Moloch the Demonspawn Wizard began the quest for the Orb.
     0 | D:1      | Reached XP level 1. HP: 13/13 MP: 4/4
   367 | D:1      | Reached skill level 2 in Conjurations
   422 | D:1      | Gained mutation: You have a pair of small horns on your head. [demonic ancestry]
   422 | D:1      | Reached XP level 2. HP: 19/19 MP: 3/6
   969 | D:1      | Reached skill level 3 in Conjurations
  1128 | D:2      | Reached XP level 3. HP: 24/24 MP: 2/7
  1132 | D:2      | Learned a level 2 spell: Blink
  1135 | D:2      | Learned a level 2 spell: Call Imp
  1139 | D:2      | Learned a level 3 spell: Mephitic Cloud
  1239 | D:2      | Found a radiant altar of Vehumet.
  1251 | D:2      | Became a worshipper of Vehumet
  1695 | D:2      | Found a shattered altar of Ashenzari.
  1796 | D:3      | Found a white marble altar of Elyvilon.
  1809 | D:3      | Reached skill level 4 in Conjurations
  1809 | D:3      | Gained mutation: You have a pair of horns on your head. [demonic ancestry]
  1809 | D:3      | Reached XP level 4. HP: 30/30 MP: 0/8
  1966 | D:3      | Noticed Jessica
  1973 | D:3      | Killed Jessica
  2438 | D:3      | Gained mutation: You are surrounded by a mild repulsion field. (EV +2) [demonic ancestry]
  2438 | D:3      | Reached XP level 5. HP: 35/35 MP: 4/9
  2466 | D:3      | Reached * piety under Vehumet
  2466 | D:3      | Offered knowledge of Freeze by Vehumet.
  2473 | D:3      | Learned a level 1 spell: Freeze
  2488 | D:3      | Found a basalt altar of Yredelemnul.
  2588 | D:4      | Reached skill level 5 in Conjurations
  2616 | D:4      | Found a staircase to the Ecumenical Temple.
  2849 | D:4      | Reached skill level 1 in Ice Magic
  2849 | D:4      | Reached XP level 6. HP: 39/41 MP: 2/11
  3246 | D:4      | Noticed Sigmund
  3385 | D:4      | Killed Sigmund
  3385 | D:4      | Reached XP level 7. HP: 44/46 MP: 9/13
  3535 | D:4      | Found a blossoming altar of Fedhas.
  3630 | D:5      | Entered Level 5 of the Dungeon
  3841 | D:5      | Slain by an ice beast

Vault maps used:
D:1:      minmay_arrival_cross
D:2:      old_standard_altar, lemuel_crystal_altar, first_bread
D:3:      elyvilon_altar_5, yredelemnul_altar_generic, uniq_jessica
D:4:      fedhas_altar_4, minmay_temple_entry_hall, st_stairs_11,
          kennysheep_nondescript, uniq_sigmund
D:5:      kennysheep_little_box

Skill      XL: |  1  2  3  4  5  6 |
---------------+-------------------+-----
Conjurations   | 2 3 4 5 |  5.9
Ice Magic      | 1 2 |  2.7
Spellcasting   | 4 |  4.9
Dodging        | |  1.7
Stealth        | |  1.7
Summonings     | |  1.0
Translocations | |  0.8

Action                   |  1- 3 |  4- 6 |  7- 9 || total
-------------------------+-------+-------+-------++-------
Melee: Spear             |    10 |    10 |    10 ||    30
       Headbutt          |     1 |     2 |     1 ||     4
 Cast: Magic Dart        |    89 |   100 |     3 ||   192
       Call Imp          |       |     4 |     5 ||     9
       Freeze            |       |    13 |    13 ||    26
       Blink             |       |       |     1 ||     1
Evoke: Wand              |       |     3 |       ||     3
  Use: Scroll            |     6 |     1 |       ||     7
 Stab: Sleeping          |       |     1 |       ||     1
  Eat: Chunk             |     2 |     5 |     1 ||     8
Armor: Robe              |     2 |     6 |    16 ||    24
Dodge: Dodged            |    11 |    36 |    32 ||    79

Table legend:
 A = Spawn XP
 B = Non-spawn XP
 C = Spawn XP percentage of total XP
 D = Spawn monster count
 E = Non-spawn monster count
 F = Spawn count percentage of total count
 G = Total turns spent on level
                    A         B        C        D         E        F      G
               +---------+---------+-------+---------+---------+-------+---------
         Total |       0 |     971 |   0.0 |       0 |      83 |   0.0 |  3841
               +---------+---------+-------+---------+---------+-------+---------
           D:1 |       0 |      40 |   0.0 |       0 |      24 |   0.0 |  1086
           D:2 |       0 |      60 |   0.0 |       0 |      17 |   0.0 |   798
           D:3 |       0 |     197 |   0.0 |       0 |      22 |   0.0 |   773
           D:4 |       0 |     674 |   0.0 |       0 |      20 |   0.0 |  1154
               +---------+---------+-------+---------+---------+-------+---------
